 Dungeon Crawl Stone Soup version 0.28.0-43-g3370ac3207 (webtiles) character file.

Game seed: 13981048474789399320

14260 Atelerd the Thaumaturge (level 12, -6/66 HPs)
             Began as an Octopode Earth Elementalist on Mar 27, 2022.
             Was a Believer of Sif Muna.
             Shot with a bolt by an orc warrior (13 damage)
             ... on level 2 of the Orcish Mines.
             The game lasted 00:32:09 (16458 turns).

Atelerd the Thaumaturge (OpEE)                     Turns: 16458, Time: 00:32:10

Health: -6/66      AC:  1    Str:  7    XL:     12   Next: 14%
Magic:  18/25      EV: 14    Int: 22    God:    Sif Muna [**....]
Gold:   870        SH:  0    Dex: 13    Spells: 10/30 levels left

rFire   + . .      SeeInvis .   F - +2 short sword (venom)
rCold   . . .      Faith    +   (no shield)
rNeg    . . .      Spirit   .   (helmet restricted)
rPois   .          Reflect  .   d - amulet of faith
rElec   .          Harm     .   a - ring of willpower
rCorr   .          Rampage  .   p - ring of willpower
Will    ++...                   E - ring of protection from fire
Stlth   +++++.....              (no ring)
HPRegen 0.21/turn               (no ring)
MPRegen 0.19/turn               (no ring)
                                (no ring)
                                (no ring)

@: no status effects
A: almost no armour, amphibious, 8 rings, camouflage 1, gelatinous body 1,
(nimble swimmer 1), tentacles, antennae 1, tentacle spike 1, frail 1, MP-powered
wands
a: Renounce Religion, Channel Magic


You were on level 2 of the Orcish Mines.
You worshipped Sif Muna.
Sif Muna was pleased with you.
You visited 3 branches of the dungeon, and saw 14 of its levels.

You collected 870 gold pieces.

Inventory:

Hand Weapons
 e - a +0 dagger
 l - a +0 dagger of electrocution
 r - the +4 whip of Kaybunna {vorpal, +Blink rF+ rN+}
   (You took it off an orc on level 3 of the Dungeon)

   It inflicts extra damage upon your enemies.
   rF:        It protects you from fire.
   rN:        It protects you from negative energy.
   +Blink:    It lets you blink.
 s - a +1 short sword of venom
 F - a +2 short sword of venom (weapon)
Missiles
 b - 103 stones
Armour
 t - a +0 buckler
Jewellery
 a - a ring of willpower (left tentacle)
 d - an amulet of faith (around mantle)
 p - a ring of willpower (right tentacle)
 E - a ring of protection from fire (on tentacle)
Wands
 A - a wand of flame (36)
 B - a wand of mindburst (10)
Scrolls
 c - 2 scrolls of magic mapping {unknown}
 g - 8 scrolls of teleportation
 i - 2 scrolls of enchant weapon
 j - a scroll of immolation {unknown}
 k - a scroll of brand weapon
 m - a scroll of fog
 q - a scroll of torment
 u - 2 scrolls of vulnerability {unknown}
 v - 4 scrolls of noise {unknown}
 z - 3 scrolls of enchant armour
 C - a scroll of fear {unknown}
 D - a scroll of blinking {unknown}
Potions
 h - a potion of curing
 n - a potion of attraction
 o - a potion of brilliance
 w - a potion of invisibility {unknown}
 x - a potion of cancellation {unknown}


   Skills:
 - Level 4.0 Fighting
 - Level 4.0 Short Blades
 - Level 5.0 Dodging
 - Level 8.0 Stealth
 - Level 5.0 Shields
 + Level 9.6 Spellcasting
 - Level 2.0 Conjurations
 * Level 2.0 Necromancy
 - Level 3.0 Transmutations
 - Level 2.0 Fire Magic
 - Level 4.0 Ice Magic
 - Level 4.0 Air Magic
 - Level 8.0 Earth Magic
 - Level 2.0 Poison Magic
 + Level 7.3 Invocations


You had 10 spell levels left.
You knew the following spells:

 Your Spells              Type           Power      Damage    Failure   Level
a - Sandblast             Erth           90%        2d19      1%          1
b - Mephitic Cloud        Conj/Pois/Air  22%        N/A       6%          3
c - Dispel Undead         Necr           19%        3d11      28%         4
f - Ignite Poison         Fire/Tmut/Pois 20%        N/A       8%          3
p - Petrify               Tmut/Erth      34%        N/A       7%          4
u - Freezing Cloud        Conj/Ice/Air   12%        6-21      41%         5

Your spell library contained the following spells:

 Spells                   Type           Power      Damage    Failure   Level
 Passwall                 Tmut/Erth      28%        N/A       1%          2
 Pain                     Necr           76%        1d7       2%          1
 Corpse Rot               Necr/Air       46%        N/A       2%          2
 Stone Arrow              Conj/Erth      64%        3d11      2%          3
 Swiftness                Air            28%        N/A       3%          3
 Ensorcelled Hibernation  Hex/Ice        38%        N/A       4%          2
 Scorch                   Fire           38%        2d7       4%          2
 Flame Wave               Conj/Fire      19%        2d6       28%         4
 Agony                    Necr           19%        N/A       61%         5
 Excruciating Wounds      Necr           9%         N/A       61%         5
 Death Channel            Necr           9%         N/A       99%         6
 Summon Cactus Giant      Summ           5%         N/A       100%        6


Dungeon Overview and Level Annotations

Branches:
Dungeon (11/15)            Temple (1/1) D:6            Lair (0/6) D:8
    Orc (1/2) D:11

Altars:
Ashenzari
Cheibriados
Dithmenos
Elyvilon
Fedhas
Gozag
Hepliaklqana
Kikubaaqudgha
Makhleb
Nemelex Xobeh
Okawaru
Qazlal
Ru
Sif Muna
Trog
Uskayaw
Vehumet
Wu Jian
Xom
Yredelemnul
Zin
The Shining One
Jiyva

Annotations:
D:1 exclusion: downstairs
D:2 exclusion: downstairs
D:6 exclusion: downstairs
D:10 3 runed translucent doors, exclusion: downstairs, brob1's ghost, journeyman MiBe


Innate Abilities, Weirdness & Mutations

You cannot wear most types of armour.
You are amphibious.
You can wear up to eight rings at the same time.
Your skin changes colour to match your surroundings (Stealth+).
Your rubbery body absorbs attacks. (AC +1, EV +1)
((You are camouflaged when in or above water. (Stealth+)))
You have tentacles for arms and can constrict up to eight enemies at once.
You have a pair of small antennae on your head.
One of your tentacles bears a spike.
You are frail. (-10% HP)
You expend magic power (3 MP) to strengthen your wands.


Message History

The centaur dies!
Sif Muna accepts your kill.
Your Necromancy skill increases to level 2!
Unknown command.
Unknown command.
Unknown command.
Unknown command.
Something closely misses your troll.
You swap places.
Your ogre closely misses the orc warrior.
The orc warrior unwields a +3 broad axe.
The orc warrior wields a +0 arbalest.
The orc warrior shoots a bolt.
The bolt barely misses your ogre. The bolt hits your orc warlord!
Unknown command.
Your orc wizard mumbles some strange words.
Your orc wizard flickers and vanishes for a moment.
Your orc wizard hits the orc warrior with a +0 dagger.
The orc warrior unwields a +0 arbalest.
The orc warrior wields a +3 broad axe.
The orc warrior hits your orc warlord with a +3 broad axe.
The orc warrior closely misses something.
The orc warrior hits your orc wizard with a +3 broad axe!
What are your orders? t - Shout!
Orders for allies: a - Attack new target. r - Retreat! s - Stop attacking. g - Guard the area. f - Follow me.
Anything else - Cancel.
Gang up on whom?
Press: ? - help, Dir - move target, f - orc warrior
Aim: an orc warrior, wielding a +3 broad axe and quivering bolts (black smoke, lightly wounded, ally target) Attack!
Your troll bites the orc warrior!!
Your troll claws the orc warrior!
The orc warrior dies!
Sif Muna accepts your kill.
The orc warrior unwields a +3 glaive.
The orc warrior wields a +0 arbalest.
The orc warrior shoots a bolt.
The bolt misses your orc wizard.
The bolt barely misses your orc warlord.
The bolt closely misses your orc warrior.
The bolt closely misses your orc priest.
The bolt hits you!
You die...

### ##@## ####o..#
##§#oo.####
##§o)#oT##.##
##########o#o##......#
......c.#§ooT§.......##
.....o...§§T§#........#
.##..##..§§§§§........#
..cc..##.§§§§§§.......##


You could see an orc warrior (ally target), a friendly orc warlord (summoned), 3
friendly trolls, 2 friendly orc warriors, 2 friendly orc priests and 2 friendly
orc wizards.

Vanquished Creatures
  Josephine (D:10)
  2 boulder beetles
  A hydra (D:11)
  Erica (D:10)
  2 two-headed ogres (D:9)
  Sonja (D:10)
  A manticore (D:8)
  An unseen horror (D:11)
  Maggie (D:6)
  A troll (Orc:2)
  A hornet (D:11)
  A wyvern (D:7)
  Sigmund (D:2)
  11 yaks
  5 wraiths (D:10)
  5 steam dragons
  A warg (Orc:1)
  6 water moccasins
  Pargi (D:3)
  An ice beast (D:8)
  4 orc warriors
  3 black bears (D:8)
  7 ogres
  3 centaurs
  A kobold brigand (D:11)
  2 phantoms
  A water moccasin zombie (D:7)
  5 bullfrogs
  A wyvern zombie (D:5)
  A gnoll sergeant (D:8)
  3 scorpions
  4 killer bees (D:10)
  5 wights (D:9)
  A howler monkey (D:10)
  2 bullfrog zombies
  3 centaur zombies
  A bullfrog skeleton (D:5)
  5 hounds
  A centaur skeleton (D:7)
  Jessica (D:2)
  4 iguanas
  5 orc wizards
  2 howler monkey zombies
  4 gnolls (D:8)
  5 adders
  A white imp (D:7)
  An ufetubus (D:6)
  5 worms
  28 orcs
  8 ball pythons
  2 endoplasms (D:4)
  2 giant cockroaches
  6 goblins
  5 hobgoblins
  10 kobolds
  8 quokkas
  5 bats
  2 frilled lizards
  9 rats
211 creatures vanquished.

Vanquished Creatures (collateral kills)
  An orc warrior (Orc:2)
  A centaur (Orc:2)
2 creatures vanquished.

Vanquished Creatures (others)
  2 demonic plants (D:3)
  46 fungi (D:8)
  43 plants (D:8)
91 creatures vanquished.

Grand Total: 304 creatures vanquished

Notes
Turn   | Place    | Note
-------+----------+-------------------------------------------
     0 | D:1      | Atelerd the Octopode Earth Elementalist began the quest for
                  | the Orb.
     0 | D:1      | Reached XP level 1. HP: 11/11 MP: 3/3
   427 | D:1      | Reached XP level 2. HP: 17/17 MP: 5/5
   794 | D:2      | Noticed Sigmund
  1084 | D:2      | Reached XP level 3. HP: 21/21 MP: 3/6
  1285 | D:2      | Found an opulent altar of Gozag.
  1695 | D:3      | Reached XP level 4. HP: 22/27 MP: 5/7
  1772 | D:3      | Found a faded altar of an unknown god.
  1772 | D:3      | Noticed a smoke demon
  1835 | D:3      | Identified the +1 robe "Pasch" {rF- Dex+7}
  1971 | D:3      | Noticed Pargi
  2106 | D:3      | Learned a level 4 spell: Petrify
  2160 | D:3      | Reached skill level 3 in Spellcasting
  2160 | D:3      | Reached XP level 5. HP: 13/31 MP: 0/9
  2393 | D:2      | Noticed Jessica
  2399 | D:2      | Killed Jessica
  2731 | D:2      | Killed Sigmund
  2732 | D:2      | Reached XP level 6. HP: 8/37 MP: 0/11
  3507 | D:3      | Identified the +4 whip of Kaybunna {vorpal, +Blink rF+ rN+}
  3944 | D:3      | Killed Pargi
  3945 | D:3      | Reached skill level 5 in Stealth
  3945 | D:3      | Reached skill level 4 in Spellcasting
  3945 | D:3      | Reached XP level 7. HP: 42/42 MP: 1/13
  4164 | D:4      | Reached skill level 5 in Earth Magic
  4203 | D:4      | Found an ornate altar of the Wu Jian Council.
  4203 | D:4      | Found a hide-covered altar of Uskayaw.
  4698 | D:4      | Reached skill level 1 in Fighting
  4794 | D:4      | Reached skill level 5 in Spellcasting
  5037 | D:4      | Found a white marble altar of Elyvilon.
  5041 | D:4      | Found a glowing golden altar of the Shining One.
  5058 | D:4      | Reached XP level 8. HP: 41/48 MP: 12/15
  5258 | D:5      | Entered Level 5 of the Dungeon
  6504 | D:6      | Noticed Maggie
  6570 | D:6      | Found a staircase to the Ecumenical Temple.
  6581 | D:6      | Killed Maggie
  6582 | D:6      | Reached skill level 1 in Shields
  6617 | D:6      | Reached XP level 9. HP: 54/54 MP: 13/17
  6624 | Temple   | Entered the Ecumenical Temple
  6853 | Temple   | Became a worshipper of Sif Muna the Loreminder
  7067 | D:6      | Reached skill level 6 in Spellcasting
  7067 | D:6      | Reached skill level 1 in Invocations
  8101 | D:7      | Reached skill level 7 in Spellcasting
  8207 | D:7      | Gained mutation: You occasionally shout uncontrollably at
                  | your foes. [potion of mutation]
  8207 | D:7      | Gained mutation: You possess an exceptional clarity of
                  | mind. [potion of mutation]
  8217 | D:7      | Lost mutation: You occasionally shout uncontrollably at
                  | your foes. [potion of mutation]
  8217 | D:7      | Lost mutation: You possess an exceptional clarity of mind.
                  | [potion of mutation]
  8217 | D:7      | Gained mutation: You are dopey. (Int -2) [potion of
                  | mutation]
  8217 | D:7      | Gained mutation: You sometimes lose the ability to read
                  | scrolls when taking damage. [potion of mutation]
  8217 | D:7      | Gained mutation: You expend magic power (3 MP) to
                  | strengthen your wands. [potion of mutation]
  8218 | D:7      | Lost mutation: You are dopey. (Int -2) [potion of mutation]
  8218 | D:7      | Lost mutation: You sometimes lose the ability to read
                  | scrolls when taking damage. [potion of mutation]
  8218 | D:7      | Gained mutation: You are frail. (-10% HP) [potion of
                  | mutation]
  8218 | D:7      | Gained mutation: One of your tentacles bears a spike.
                  | [potion of mutation]
  8218 | D:7      | Gained mutation: You have a pair of small antennae on your
                  | head. [potion of mutation]
  8610 | D:7      | Learned a level 3 spell: Mephitic Cloud
  8614 | D:7      | Learned a level 3 spell: Ignite Poison
  9337 | D:8      | Reached skill level 1 in Poison Magic
  9458 | D:8      | Reached skill level 1 in Air Magic
  9535 | D:8      | Reached skill level 1 in Fire Magic
  9845 | D:8      | Reached XP level 10. HP: 44/56 MP: 15/21
  9926 | D:8      | Reached * piety under Sif Muna
  9927 | D:8      | Reached skill level 8 in Spellcasting
 10301 | D:8      | Learned a level 5 spell: Freezing Cloud
 10358 | D:8      | Found a staircase to the Lair.
 10451 | D:8      | Noticed a manticore
 10459 | D:8      | Noticed a boulder beetle
 10855 | D:8      | Killed a manticore
 10949 | D:8      | Killed a boulder beetle
 10950 | D:8      | Reached skill level 1 in Short Blades
 10950 | D:8      | Reached skill level 1 in Conjurations
 10950 | D:8      | Reached skill level 1 in Ice Magic
 11514 | D:9      | Reached ** piety under Sif Muna
 11764 | D:9      | Reached XP level 11. HP: 61/61 MP: 23/23
 11867 | D:9      | Noticed a two-headed ogre
 11950 | D:9      | Killed a two-headed ogre
 11951 | D:9      | Reached skill level 5 in Invocations
 12255 | D:9      | You fall into a shaft and drop 2 floors!
 12261 | D:10     | Entered Level 10 of the Dungeon
 12261 | D:10     | Noticed Sonja
 12263 | D:10     | Killed Sonja
 12497 | D:10     | Noticed Erica
 12917 | D:10     | Noticed a two-headed ogre
 13008 | D:9      | Killed a two-headed ogre
 13442 | D:10     | Killed Erica
 14149 | D:10     | Found a runed translucent gate.
 14149 | D:10     | Found a runed translucent gate.
 14149 | D:10     | Found a runed translucent gate.
 14150 | D:10     | Noticed a great orb of eyes
 14214 | D:10     | Noticed Josephine
 14222 | D:10     | Killed Josephine
 14233 | D:10     | Reached skill level 5 in Dodging
 14233 | D:10     | Reached skill level 9 in Spellcasting
 14239 | D:10     | HP: 3/62 [wraith[Josephine] (14)]
 14713 | D:10     | Noticed brob1's ghost (journeyman MiBe)
 14717 | D:10     | Found a viscous altar of Jiyva.
 14784 | D:11     | Noticed a boulder beetle
 14806 | D:11     | Killed a boulder beetle
 15293 | D:11     | Found a staircase to the Orcish Mines.
 15428 | D:11     | Noticed an eight-headed hydra
 15478 | D:11     | Killed an eight-headed hydra
 15479 | D:11     | Reached skill level 5 in Shields
 15613 | D:11     | Found a basalt altar of Yredelemnul.
 15615 | D:11     | Noticed a skeletal warrior
 15621 | D:11     | Reached XP level 12. HP: 66/66 MP: 13/25
 15843 | D:10     | Learned a level 4 spell: Dispel Undead
 15898 | Orc:1    | Entered Level 1 of the Orcish Mines
 15917 | Orc:1    | Reached skill level 1 in Necromancy
 16030 | Orc:1    | You fall into a shaft and drop 1 floor!
 16030 | Orc:2    | Entered Level 2 of the Orcish Mines
 16458 | Orc:2    | Shot with a bolt by an orc warrior

Illustrated notes

Levels and vault maps discovered:
D:1:      minmay_arrival_arboretum_small, layout_basic
D:2:      layout_rooms, basic_altar, corner_web_ring, uniq_jessica, uniq_sigmund
D:3:      layout_loops_ring, dreamdust_ecumenical_altar_sealed_demon, uniq_pargi
D:4:      layout_rooms, gammafunk_temple_overflow_wave, jmf_multi_god_temple
D:5:      layout_layer_cave
D:6:      layout_rooms, minmay_temple_entry_statues_pillars, uniq_maggie
D:7:      layout_basic, moated_statue
D:8:      layout_loops_ring, due_lair_maze_entry_diamond
D:9:      layout_long_grid
D:10:     layout_long_grid, gammafunk_ghost_ooze, uniq_josephine, uniq_sonja,
          uniq_erica
D:11:     layout_roguey, orc_0_dummy, kennysheep_small_circle
Temple:   hc_temple_tempest_star
Orc:1:    layout_caves, serial_shops, nicolae_shop_waterfront
Orc:2:    st_orc_rangers, layout_diamond_mine

Skill      XL: |  1  2  3  4  5  6  7  8  9 10 11 12 |
---------------+-------------------------------------+-----
Stealth        | 3 4 5 6 8 |  8.0
Transmutations | 2 3 |  3.0
Spellcasting   | 3 4 5 7 8 9 |  9.6
Earth Magic    | 4 5 8 |  8.0
Fighting       | 1 2 3 4 |  4.0
Shields        | 1 2 3 5 |  5.0
Invocations    | 3 4 6 7 |  7.3
Dodging        | 3 4 5 |  5.0
Poison Magic   | 1 2 |  2.0
Air Magic      | 1 3 4 |  4.0
Fire Magic     | 1 2 |  2.0
Short Blades   | 2 4 |  4.0
Conjurations   | 2 |  2.0
Ice Magic      | 2 4 |  4.0
Necromancy     | 2 |  2.0

Action                   |  1- 3 |  4- 6 |  7- 9 | 10-12 || total
-------------------------+-------+-------+-------+-------++-------
Melee: Unarmed           |     6 |       |       |       ||     6
       Dagger            |    40 |    57 |    10 |       ||   107
       Constrict         |    15 |    15 |    22 |    17 ||    69
       Tentacles         |    12 |     5 |    34 |    43 ||    94
       Punch             |     1 |     1 |     2 |     1 ||     5
       Short sword       |       |       |   112 |   135 ||   247
       Kick              |       |       |    21 |    65 ||    86
 Cast: Sandblast         |    19 |    42 |    95 |    63 ||   219
       Petrify           |       |     4 |    24 |    58 ||    86
       Mephitic Cloud    |       |       |       |    40 ||    40
       Ignite Poison     |       |       |       |    21 ||    21
Invok: Channel Magic     |       |       |       |     3 ||     3
Evoke: Wand              |       |       |       |     2 ||     2
  Use: Potion            |       |       |     8 |     9 ||    17
       Scroll            |       |       |       |    11 ||    11
 Stab: Sleeping          |     6 |     6 |     6 |     4 ||    22
       Distracted        |     1 |     1 |       |     1 ||     3
       Petrified         |       |    10 |    54 |    61 ||   125
       Petrifying        |       |       |     1 |     7 ||     8
       Confused          |       |       |       |     4 ||     4
Armor: Skin              |     5 |     5 |    36 |    19 ||    65
Dodge: Dodged            |    31 |    51 |    70 |    97 ||   249
